 Dungeon Crawl Stone Soup version 0.32-a0-933-ga8fa3634e4 (webtiles) character file.

Game seed: 2156304656186054178

4 Heh the Charlatan (level 1, 0/15 HPs)
             Began as a Coglin Artificer on Apr 14, 2024.
             Slain by a goblin
             ... wielding a +0 club
              (2 damage)
             ... on level 1 of the Dungeon.
             The game lasted 00:00:15 (86 turns).

Heh the Charlatan (Coglin Artificer)                  Turns: 86, Time: 00:00:16

Health: 0/15       AC:  3    Str: 12    XL:     1   Next: 70%
Magic:  1/1        EV: 10    Int: 10    God:
Gold:   8          SH:  0    Dex: 14    Spells: 0/0 levels left

rFire   . . .        a - +0 club {Bob}
rCold   . . .        f - +0 dagger {Jia}
rNeg    . . .        b - +0 leather armour
rPois   .            (no helmet)
rElec   .            (no cloak)
rCorr   .            (no gloves)
SInv    .            (no boots)
Will    .....        (amulet unavailable)
Stlth   +            (ring unavailable)
HPRegen 0.22/turn    (ring unavailable)
MPRegen 0.07/turn    (no gizmo)

%: no passive effects
@: brilliant, revving
A: off-hand wielding, slow wielding, warmup strikes, no jewellery
a: Invent Gizmo


You were on level 1 of the Dungeon.
You visited 1 branch of the dungeon, and saw 1 of its levels.

You collected 8 gold pieces.

Inventory:

Hand Weapons
 a - a +0 club (weapon) {Bob}
 f - a +0 dagger (offhand) {Jia}
Armour
 b - a +0 leather armour (worn)
Wands
 c - a wand of flame (15) (quivered)
 d - a wand of charming (15)
 e - a wand of iceblast (5)


   Skills:
 + Level 1.3 Fighting
 - Level 1.7 Armour
 + Level 1.2 Dodging
 - Level 0.7 Stealth
 - Level 4.0 Evocations


You couldn't memorise any spells.
You didn't know any spells.
Your spell library was empty.

Dungeon Overview and Level Annotations

Branches:
Dungeon (1/15)

Altars:


Innate Abilities, Weirdness & Mutations

You can wield a second weapon in your off-hand.
It takes a long time for you to wield or remove held weapons.
Your first few attacks do less damage.
You cannot equip rings or amulets.


Message History

A dart slug comes into view.
A dart slug is nearby!
A dart slug is nearby!
A goblin comes into view. It is wielding a +0 club.
The dart slug launches a dart at you. The slug dart hits you.
The dart slug launches a dart at you. The slug dart misses you.
The goblin shouts!
You hit the goblin with your +0 club.
The goblin is moderately wounded.
You closely miss the goblin with your +0 dagger.
A quokka comes into view.
The goblin hits you with a +0 club. The dart slug launches a dart at you.
The slug dart hits you.
You are too injured to fight recklessly!
The goblin hits you but does no damage. The goblin misses you.
You hit the goblin but do no damage.
The goblin is moderately wounded.
You miss the goblin with your +0 dagger.
The goblin hits you with a +0 club. The dart slug barely misses you.
You barely miss the goblin with your +0 club.
The goblin is moderately wounded.
You hit the goblin but do no damage. The goblin closely misses you.
The dart slug launches a dart at you. The slug dart misses you.
You hit the goblin but do no damage.
The goblin is moderately wounded.
You hit the goblin but do no damage.
The quokka bites you but does no damage.
The goblin barely misses you. The quokka bites you.
The dart slug launches a dart at you. The slug dart hits you.
* * * LOW HITPOINT WARNING * * *
It was a potion of brilliance.
You feel clever all of a sudden. The goblin hits you with a +0 club.
You die...

########################
.........##.............
......r@.##.##########..
......w.g##†# #..
##.......##.# ######..
#.......##.# #.......
#.......##.#####.......
########.......#.......
#.......#.......
#.......#.......
###.#####.†††...


You could see a dart slug, a quokka and a goblin.

Vanquished Creatures
  A bat (D:1)
  A hobgoblin (D:1)
  A ball python (D:1)
  A frilled lizard (D:1)
  A rat (D:1)
5 creatures vanquished.

Notes
Turn   | Place    | Note
-------+----------+-------------------------------------------
     0 | D:1      | Heh the Coglin Artificer began the quest for the Orb.
     0 | D:1      | Reached XP level 1. HP: 15/15 MP: 1/1
    17 | D:1      | Reached skill level 1 in Dodging
    86 | D:1      | Slain by a goblin

Illustrated notes

Levels and vault maps discovered:
D:1:      erik_arrival_triangle_medium, layout_basic

Skill      XL: |  1 |
---------------+----+-----
Dodging        | 1 |  1.2
Fighting       | |  1.3
Armour         | |  1.7
Stealth        | |  0.7
Evocations     | |  4.0

Action                     || total
---------------------------++-------
  Melee: Club              ||    11
         Dagger            ||    11
    Use: Potion            ||     1
 Armour: Leather armour    ||    17
  Dodge: Dodged            ||     9

Table legend: (Time is in decaauts)
 A = Elapsed time spent in this place.
 B = Non-inter-level travel time spent in this place.
 C = Inter-level travel time spent in this place.
 D = Time resting spent in this place.
 E = Time spent auto-exploring this place.
 F = Levels seen in this place.
 G = Mean time per level.
                   A        B        C        D        E       F      G
               +--------+--------+--------+--------+--------+-----+--------+
         Total |     87 |     87 |      0 |      0 |     58 |   1 |   87.0 |
       Dungeon |     87 |     87 |      0 |      0 |     58 |   1 |   87.0 |
               +--------+--------+--------+--------+--------+-----+--------+

Top non-repeatable levels by time:
     D:1: 87 daAuts
